 Seeded DCSS version 0.29-a0-563-g64e4043184 (webtiles) character file.

Game seed: 20220606 (custom seed)

12306 nrs142 the Cleaver (level 11, -23/102 HPs)
             Began as a Minotaur Monk on June 9, 2022.
             Was a High Priest of Jiyva.
             Annihilated by a white ugly thing (34 damage)
             ... on level 11 of the Dungeon on June 11, 2022.
             The game lasted 00:23:12 (9217 turns).

nrs142 the Cleaver (Minotaur Monk)                  Turns: 9217, Time: 00:23:13

Health: -23/102    AC: 12    Str: 27    XL:     11   Next: 60%
Magic:  10/10      EV: 16    Int:  7    God:    Jiyva [*****.]
Gold:   513        SH:  0    Dex: 12    Spells: 10/10 levels left

rFire   . . .      SeeInvis .   m - +0 battleaxe (vorpal)
rCold   . . .      Faith    .   (shield currently unavailable)
rNeg    . . .      Spirit   .   t - +2 acid dragon scales
rPois   .          Reflect  .   (helmet restricted)
rElec   .          Harm     .   l - scarf {+Inv}
rCorr   +          Rampage  .   (gloves unavailable)
Will    +....      Clarity  +   (no boots)
Stlth   +++.......              k - amulet of magic regeneration
HPRegen 1.71/turn               p - +6 ring of strength
MPRegen 0.97/turn               y - ring of willpower

@: no status effects
A: horns 2, retaliatory headbutt, claws 3, iridescent scales 1, clarity, wild
magic 1, gelatinous body 1
a: Renounce Religion, Evoke Invisibility, Oozemancy, Slimify


You were on level 11 of the Dungeon.
You worshipped Jiyva.
Jiyva was extremely pleased with you.
You visited 1 branch of the dungeon, and saw 11 of its levels.
You also visited: Bailey.

You collected 513 gold pieces.

Inventory:

Hand Weapons
 m - a +0 vorpal battleaxe (weapon)
Missiles
 d - a throwing net (quivered)
Armour
 e - a +0 chain mail
 l - a scarf of invisibility (worn)
 t - +2 acid dragon scales (worn)
Jewellery
 k - an amulet of magic regeneration (around neck)
 p - a +6 ring of strength (left claw)
 x - a +6 ring of strength
 y - a ring of willpower (right claw)
Wands
 v - a wand of paralysis (6)
Scrolls
 a - a scroll of identify
 j - 3 scrolls of magic mapping
 r - 3 scrolls of teleportation
 z - a scroll of summoning {unknown}
Potions
 b - a potion of magic {unknown}
 c - a potion of ambrosia
 f - a potion of attraction {unknown}
 g - a potion of lignification
 h - a potion of might
 i - 4 potions of brilliance
 n - a potion of berserk rage
 o - a potion of curing
 q - a potion of flight
 u - 2 potions of haste
 w - a potion of invisibility


   Skills:
 + Level 11.5 Fighting
 * Level 12.3 Axes
 + Level 4.2 Armour
 + Level 10.6 Dodging
 - Level 7.9 Stealth


You had 10 spell levels left.
You didn't know any spells.
Your spell library contained the following spells:

 Spells                   Type           Power      Damage    Failure   Level
 Shock                    Conj/Air       0%         1d3       58%         1
 Confusing Touch          Hex            0%         N/A       90%         3
 Swiftness                Air            0%         N/A       90%         3
 Airstrike                Air            0%         N/A       100%        4
 Yara's Violent Unravell  Hex/Tmut       0%         3d3       100%        5
 Enfeeble                 Hex            0%         N/A       100%        7


Dungeon Overview and Level Annotations

Branches:
Dungeon (11/15)            Temple (0/1) D:4            Lair (0/6) D:8
    Orc (0/2) D:9          Bailey (visited)

Altars:
Ashenzari
Elyvilon
Fedhas
Gozag
Kikubaaqudgha
Makhleb
Okawaru
Qazlal
Uskayaw
Wu Jian
Beogh
Jiyva

Shops:
D:3 (

Annotations:
D:5 2 transporters
D:11 exclusion: 2 oklob plants


Innate Abilities, Weirdness & Mutations

You have a pair of horns on your head.
You reflexively headbutt those who attack you in melee.
You have claws for hands.
You are partially covered in iridescent scales. (AC +2)
You possess an exceptional clarity of mind.
Your spells are a little harder to cast, but a little more powerful.
Your rubbery body absorbs attacks. (AC +1, EV +1)


Message History

s - a potion of mutation
Okay, then.
Really quaff the potion of mutation?
You feel extremely strange.
You feel clumsy.
Your iridescent scales recede somewhat. x2
You feel less in control of your magic.
Autopickup is now off.
Autopickup is now on.
Found a stone staircase leading up.
There is a stone staircase leading down here.
A white ugly thing comes into view.
The white ugly thing gurgles horribly!
You closely miss the white ugly thing.
Your headbutt misses the white ugly thing.
The white ugly thing tail-slaps you! The white ugly thing freezes you!!
The white ugly thing closely misses you.
You furiously retaliate!
You headbutt the white ugly thing, but do no damage.
You slash the white ugly thing!
The white ugly thing is moderately wounded.
The white ugly thing closely misses you.
You furiously retaliate!
You headbutt the white ugly thing! You closely miss the white ugly thing.
Your headbutt misses the white ugly thing.
The white ugly thing is moderately wounded.
The white ugly thing tail-slaps you. The white ugly thing freezes you!!
You are too injured to fight recklessly!
You barely miss the white ugly thing.
The white ugly thing is moderately wounded.
The white ugly thing barely misses you. You furiously retaliate!
You headbutt the white ugly thing, but do no damage.
You slash the white ugly thing!
The white ugly thing is heavily wounded.
The white ugly thing tail-slaps you! The white ugly thing freezes you!!
* * * LOW HITPOINT WARNING * * *
You shudder from the blow and a jelly pops out!
You feel better. The white ugly thing tail-slaps you.
* * * LOW HITPOINT WARNING * * *
The white ugly thing freezes you!!
You die...

.....#...........#
.....#.?.#'#####.#
.....#...#.....#.#
.....#...#.....#.#
.....#...#.....#.# #...#
.....#...#.....#.# ##...#
...###...#.....#.# #....#
####.....#######.# #....#
................@# ###....#
..............J.u########......##
.................................
.................................
.................................
##......................#########
#........####.(.....####
#........# #.......# #........#
#.......#


You could see a white ugly thing (ally target) and a friendly acid blob
(summoned).

Vanquished Creatures
  Josephine (D:11)
  A boulder beetle (D:11)
  2 two-headed ogres
  3 cyclopes
  Joseph (D:9)
  2 unseen horrors
  11 yaks (D:11)
  A wyvern (D:10)
  6 spriggans (Bailey)
  2 shadows (D:11)
  5 wraiths
  3 acid dragons
  A water moccasin (D:7)
  A black bear (D:5)
  2 sky beasts (D:7)
  6 orc warriors
  5 ogres
  2 centaurs
  A phantom (D:5)
  A kobold brigand (D:10)
  Blork the orc (D:5)
  2 bullfrogs
  13 killer bees
  A howler monkey (D:3)
  2 hounds
  2 gnoll shamans
  6 orc priests
  11 orc wizards
  11 gnolls
  11 adders
  An ufetubus (D:6)
  3 worms
  A dart slug (D:2)
  24 orcs
  An endoplasm (D:1)
  2 giant cockroaches
  6 goblins
  5 hobgoblins
  2 quokkas
  4 ball pythons
  2 bats
  A frilled lizard (D:1)
  5 kobolds
  6 rats
180 creatures vanquished.

Vanquished Creatures (collateral kills)
  A two-headed ogre (D:11)
  An orc warrior (D:8)
  An orc priest (D:8)
3 creatures vanquished.

Vanquished Creatures (others)
  A wyvern (D:8)
  A steam dragon (D:8)
  A floating eye (D:11)
  A water moccasin (D:6)
  A black bear (D:7)
  A scorpion (D:6)
  2 killer bees (D:7)
  3 howler monkeys (D:11)
  14 jellies
  4 orc priests
  An iguana (D:6)
  7 orc wizards
  Robin (D:3)
  3 adders
  4 gnolls (D:5)
  6 shadow imps
  A white imp (D:6)
  An ufetubus (D:6)
  2 dart slugs
  An endoplasm (D:3)
  9 orcs
  A bat (D:3)
  11 goblins
  A hobgoblin (D:3)
  2 kobolds
  18 plants
98 creatures vanquished.

Grand Total: 281 creatures vanquished

Notes
Turn   | Place    | Note
-------+----------+-------------------------------------------
     0 | D:1      | nrs142 the Minotaur Monk began the quest for the Orb.
     0 | D:1      | Reached XP level 1. HP: 19/19 MP: 0/0
   438 | D:1      | Reached XP level 2. HP: 27/27 MP: 1/1
   464 | D:1      | Found a faded altar of an unknown god.
   467 | D:1      | Prayed at the altar of an unknown god.
   467 | D:1      | Became a worshipper of Jiyva Jexzucer the Shapeless
   467 | D:1      | Reached * piety under Jiyva
   467 | D:1      | Reached ** piety under Jiyva
   970 | D:2      | Reached *** piety under Jiyva
  1018 | D:2      | Reached skill level 4 in Axes
  1019 | D:2      | Reached XP level 3. HP: 33/33 MP: 2/2
  1296 | D:2      | Gained mutation: You have a small jelly attached to you
                  | that senses nearby items. [Jiyva's grace]
  1296 | D:2      | Gained mutation: You are partially covered in iridescent
                  | scales. (AC +2) [Jiyva's grace]
  1296 | D:2      | Gained mutation: You are mostly covered in iridescent
                  | scales. (AC +4) [Jiyva's grace]
  1296 | D:2      | Gained mutation: You are completely covered in iridescent
                  | scales. (AC +6) [Jiyva's grace]
  1406 | D:3      | Reached XP level 4. HP: 39/41 MP: 3/3
  1518 | D:3      | Killed Robin
  1612 | D:3      | Reached **** piety under Jiyva
  1736 | D:3      | Found Watic Nimeh's Weapon Shoppe.
  2136 | D:4      | Found a broken altar of Ashenzari.
  2253 | D:4      | Noticed a bullfrog
  2258 | D:4      | Killed a bullfrog
  2259 | D:4      | Reached XP level 5. HP: 47/47 MP: 2/4
  2361 | D:4      | Found a staircase to the Ecumenical Temple.
  2407 | D:4      | Reached skill level 5 in Fighting
  2407 | D:4      | Reached skill level 5 in Axes
  2602 | D:5      | Entered Level 5 of the Dungeon
  2605 | D:5      | Noticed an ogre
  2612 | D:5      | Killed an ogre
  2613 | D:5      | Reached XP level 6. HP: 55/56 MP: 5/5
  2647 | D:5      | Found a transporter.
  2664 | D:5      | Found a transporter.
  2987 | D:5      | Lost mutation: You are completely covered in iridescent
                  | scales. (AC +6) [Jiyva's grace]
  2987 | D:5      | Lost mutation: You are mostly covered in iridescent scales.
                  | (AC +4) [Jiyva's grace]
  2987 | D:5      | Lost mutation: You have a small jelly attached to you that
                  | senses nearby items. [Jiyva's grace]
  2987 | D:5      | Gained mutation: Your muscles are strong. (Str +2) [Jiyva's
                  | grace]
  2987 | D:5      | Gained mutation: Your muscles are very strong. (Str +4)
                  | [Jiyva's grace]
  2987 | D:5      | Gained mutation: You expend magic power (3 MP) to
                  | strengthen your wands. [Jiyva's grace]
  2987 | D:5      | Gained mutation: Your spells are a little harder to cast,
                  | but a little more powerful. [Jiyva's grace]
  3027 | D:5      | Reached skill level 5 in Dodging
  3062 | D:5      | Noticed a +0 falchion
  3070 | D:5      | Found a hide-covered altar of Uskayaw.
  3070 | D:5      | Noticed a +0 falchion
  3070 | D:5      | Noticed a +0 short sword
  3071 | D:5      | Noticed a +0 short sword
  3072 | D:5      | Noticed a +0 spear
  3073 | D:5      | Noticed a +0 dagger
  3073 | D:5      | Noticed a +0 dagger
  3098 | D:5      | Noticed a +0 spear
  3125 | D:5      | Reached XP level 7. HP: 62/62 MP: 6/6
  3148 | D:5      | Noticed Blork the orc
  3154 | D:5      | Killed Blork the orc
  3155 | D:5      | Reached skill level 6 in Axes
  3549 | D:6      | Reached ***** piety under Jiyva
  3750 | D:6      | Found a white marble altar of Elyvilon.
  3750 | D:6      | Found a burning altar of Makhleb.
  3845 | D:6      | Noticed a kobold demonologist
  3849 | D:6      | Slimified a kobold demonologist
  3849 | D:6      | a kobold demonologist changed into a jelly
  3993 | D:6      | Noticed a troll
  4004 | D:6      | Slimified a troll
  4004 | D:6      | Noticed a slime creature
  4004 | D:6      | a troll changed into a slime creature
  4231 | D:6      | Found an ancient bone altar of Kikubaaqudgha.
  4234 | D:6      | Found an iron altar of Okawaru.
  4369 | D:7      | Found an ornate altar of the Wu Jian Council.
  4401 | D:7      | Found a flagged portal.
  4415 | Bailey   | Entered a bailey
  4425 | Bailey   | Noticed a slime creature
  4425 | Bailey   | an ogre changed into a slime creature
  4467 | Bailey   | Noticed a spriggan
  4475 | Bailey   | Killed a spriggan
  4476 | Bailey   | Reached XP level 8. HP: 68/71 MP: 7/7
  4491 | Bailey   | Upgraded the game from 0.29-a0-559-g359e09b9d1 to
                  | 0.29-a0-563-g64e4043184
  4496 | Bailey   | Reached skill level 7 in Axes
  4497 | Bailey   | Reached skill level 5 in Stealth
  4500 | Bailey   | Reached XP level 9. HP: 28/81 MP: 8/8
  4560 | Bailey   | Reached skill level 8 in Axes
  4562 | Bailey   | Noticed a two-headed ogre
  4592 | Bailey   | Killed a two-headed ogre
  4934 | D:7      | Lost mutation: Your muscles are very strong. (Str +4)
                  | [Jiyva's grace]
  4934 | D:7      | Lost mutation: Your muscles are strong. (Str +2) [Jiyva's
                  | grace]
  4934 | D:7      | Lost mutation: Your spells are a little harder to cast, but
                  | a little more powerful. [Jiyva's grace]
  4934 | D:7      | Lost mutation: You expend magic power (3 MP) to strengthen
                  | your wands. [Jiyva's grace]
  4934 | D:7      | Gained mutation: You possess an exceptional clarity of
                  | mind. [Jiyva's grace]
  4934 | D:7      | Gained mutation: You have supernaturally acute eyesight.
                  | (SInv) [Jiyva's grace]
  4934 | D:7      | Gained mutation: You are agile. (Dex +2) [Jiyva's grace]
  4934 | D:7      | Gained mutation: You are very agile. (Dex +4) [Jiyva's
                  | grace]
  5290 | D:7      | Reached skill level 9 in Axes
  6063 | D:8      | Found a staircase to the Lair.
  6217 | D:8      | Lost mutation: You have supernaturally acute eyesight.
                  | (SInv) [potion of mutation]
  6217 | D:8      | Lost mutation: You are very agile. (Dex +4) [potion of
                  | mutation]
  6217 | D:8      | Gained mutation: You passively map a small area around you.
                  | [potion of mutation]
  6285 | D:8      | Reached XP level 10. HP: 59/88 MP: 9/9
  6323 | D:8      | Noticed a two-headed ogre
  6327 | D:8      | Slimified a two-headed ogre
  6327 | D:8      | a two-headed ogre changed into a slime creature
  6584 | D:8      | Found a blossoming altar of Fedhas.
  6767 | D:9      | Lost mutation: You are partially covered in iridescent
                  | scales. (AC +2) [Jiyva's grace]
  6767 | D:9      | Gained mutation: You have sharp fingernails. [Jiyva's
                  | grace]
  6767 | D:9      | Gained mutation: You have very sharp fingernails. [Jiyva's
                  | grace]
  6767 | D:9      | Gained mutation: You have claws for hands. [Jiyva's grace]
  6767 | D:9      | Gained mutation: You have a small jelly attached to you
                  | that senses nearby items. [Jiyva's grace]
  6935 | D:9      | Noticed a cyclops
  6944 | D:9      | Killed a cyclops
  7057 | D:9      | Found a stormy altar of Qazlal.
  7216 | D:9      | Noticed Joseph
  7237 | D:9      | Killed Joseph
  7426 | D:9      | Found a staircase to the Orcish Mines.
  7458 | D:9      | Reached skill level 10 in Fighting
  7458 | D:9      | Reached skill level 10 in Axes
  7889 | D:10     | Entered Level 10 of the Dungeon
  8061 | D:10     | Found an opulent altar of Gozag.
  8600 | D:11     | Noticed a cyclops
  8607 | D:11     | Killed a cyclops
  8718 | D:11     | Noticed an oklob plant
  8720 | D:11     | Noticed an oklob plant
  8802 | D:11     | Noticed a two-headed ogre
  8810 | D:11     | Killed a two-headed ogre
  8811 | D:11     | Reached skill level 11 in Axes
  8811 | D:11     | Reached skill level 1 in Armour
  8811 | D:11     | Reached skill level 10 in Dodging
  8811 | D:11     | Reached XP level 11. HP: 49/101 MP: 10/10
  8889 | D:11     | Lost mutation: You passively map a small area around you.
                  | [Jiyva's grace]
  8889 | D:11     | Lost mutation: You have a small jelly attached to you that
                  | senses nearby items. [Jiyva's grace]
  8889 | D:11     | Gained mutation: You are partially covered in iridescent
                  | scales. (AC +2) [Jiyva's grace]
  8889 | D:11     | Gained mutation: You are mostly covered in iridescent
                  | scales. (AC +4) [Jiyva's grace]
  8889 | D:11     | Gained mutation: You are completely covered in iridescent
                  | scales. (AC +6) [Jiyva's grace]
  8889 | D:11     | Gained mutation: Your rubbery body absorbs attacks. (AC +1,
                  | EV +1) [Jiyva's grace]
  8921 | D:11     | Noticed a two-headed ogre
  8927 | D:11     | Killed a two-headed ogre
  8945 | D:11     | Noticed Josephine
  8946 | D:11     | Noticed a boulder beetle
  8963 | D:11     | Killed Josephine
  8964 | D:11     | Reached skill level 12 in Axes
  8969 | D:11     | Killed a boulder beetle
  9090 | D:11     | Lost mutation: You are agile. (Dex +2) [potion of mutation]
  9090 | D:11     | Lost mutation: You are completely covered in iridescent
                  | scales. (AC +6) [potion of mutation]
  9090 | D:11     | Lost mutation: You are mostly covered in iridescent scales.
                  | (AC +4) [potion of mutation]
  9090 | D:11     | Gained mutation: Your spells are a little harder to cast,
                  | but a little more powerful. [potion of mutation]
  9207 | D:11     | Noticed a white ugly thing
  9217 | D:11     | Annihilated by a white ugly thing

Illustrated notes

Levels and vault maps discovered:
D:1:      dpeg_arrival_lava_temple_mockup, layout_loops_ring,
          hellmonk_ecumenical_altar_defaced_shrine
D:2:      minmay_general_purpose_star, layout_rooms
D:3:      layout_rooms, serial_rivers, chequers_serial_rivers_micro_c,
          chequers_serial_rivers_small_b, chequers_serial_rivers_large_a,
          chequers_serial_rivers_small_b, chequers_serial_rivers_room_b,
          chequers_serial_rivers_micro_a, serial_shops, shop, uniq_robin
D:4:      layout_gridville, lemuel_doored_altar, minmay_temple_entry_ruins
D:5:      gammafunk_wand_slinger, layout_basic, nicolae_uskayaw_en_pointe,
          uniq_blork_the_orc
D:6:      minmay_opposing_rooms, layout_basic, nicolae_overflow_hidden_temple,
          gammafunk_temple_overflow_statue
D:7:      layout_layer_cave, amcnicky_altar_gilded, enter_bailey_1
D:8:      layout_loops_ring, mainiacjoe_overflow_alcove_2, lair_entry_dummy
D:9:      layout_loops_corners, mainiacjoe_overflow_surrounded_room,
          minmay_orc_entry_temple_small, uniq_joseph
D:10:     layout_roguey, kennysheep_mini
D:11:     layout_irregular_city, disabler_island, uniq_josephine

Skill      XL: |  1  2  3  4  5  6  7  8  9 10 11 |
---------------+----------------------------------+-----
Fighting       | 4 5 6 7 9 10 11 | 11.5
Axes           | 4 5 6 7 9 11 12 | 12.3
Stealth        | 2 3 4 5 6 7 |  7.9
Dodging        | 4 5 6 7 8 10 | 10.6
Armour         | 1 4 |  4.2

Action                   |  1- 3 |  4- 6 |  7- 9 | 10-12 || total
-------------------------+-------+-------+-------+-------++-------
Melee: Broad axe         |    71 |   106 |   111 |    40 ||   328
       Headbutt          |     7 |    16 |    24 |    28 ||    75
       Hand axe          |     3 |       |       |       ||     3
       Punch             |     1 |     2 |     4 |       ||     7
       Battleaxe         |       |       |       |   100 ||   100
Invok: Oozemancy         |       |     2 |     3 |     3 ||     8
       Slimify           |       |       |     3 |     1 ||     4
  Use: Scroll            |       |     3 |    14 |     1 ||    18
       Potion            |       |       |     2 |     6 ||     8
 Stab: Sleeping          |       |       |     1 |     5 ||     6
Armor: Chain mail        |    45 |    66 |    35 |       ||   146
       Acid dragon scale |       |       |    27 |    68 ||    95
Dodge: Dodged            |    28 |    49 |   110 |   123 ||   310

Table legend: (Time is in decaauts)
 A = Elapsed time spent in this place.
 B = Non-inter-level travel time spent in this place.
 C = Inter-level travel time spent in this place.
 D = Time resting spent in this place.
 E = Time spent auto-exploring this place.
 F = Levels seen in this place.
 G = Mean time per level.
                   A        B        C        D        E       F      G
               +--------+--------+--------+--------+--------+-----+--------+
         Total |   9368 |   9047 |    321 |    631 |   6640 |  12 |  780.7 |
       Dungeon |   8991 |   8670 |    321 |    520 |   6619 |  11 |  817.4 |
        Bailey |    377 |    377 |      0 |    111 |     21 |   1 |  377.0 |
               +--------+--------+--------+--------+--------+-----+--------+

Top non-repeatable levels by time:
     D:9: 1278 daAuts
     D:7: 1114 daAuts
     D:5: 962 daAuts
     D:1: 913 daAuts
     D:8: 848 daAuts
     D:6: 790 daAuts
     D:3: 699 daAuts
    D:10: 688 daAuts
    D:11: 636 daAuts
     D:4: 599 daAuts
     D:2: 460 daAuts
  Bailey: 377 daAuts
